 Dungeon Crawl Stone Soup version 0.26-a0-610-g3e9335bbc7 (webtiles) character file.

Game seed: 5789247900174955124

732 Gargoyl the Skirmisher (level 7, -5/66 HPs)
             Began as a Gnoll Abyssal Knight on Sept 4, 2020.
             Was a Priest of Lugonu.
             Slain by an orc warrior
             ... wielding a +0 glaive
              (22 damage)
             ... on level 6 of the Dungeon.
             The game lasted 00:05:22 (4602 turns).

Gargoyl the Skirmisher (Gnoll Abyssal Knight)       Turns: 4602, Time: 00:05:23

Health: -5/66      AC: 11    Str: 20    XL:     7   Next: 73%
Magic:  11/11      EV:  8    Int: 15    God:    Lugonu [***...]
Gold:   377        SH: 16    Dex: 14    Spells: 11/11 levels left

rFire    . . .     SeeInvis +   a - +4 hand axe
rCold    . . .     Faith    .   d - +3 tower shield
rNeg     . . .     Spirit   .   c - +1 ring mail {rPois}
rPois    +         Reflect  .   r - +0 helmet
rElec    .         Harm     .   o - +1 cloak
rCorr    .                      (no gloves)
MR       .....                  m - +0 pair of boots (curse)
Stlth    ++........             (no amulet)
HPRegen  0.21/turn              b - ring "Gielin" {+Inv Str+4 SInv}
MPRegen  0.12/turn              (no ring)

@: no status effects
A: distributed training, fangs 1, poison resistance, robust 1, strong nose
a: Depart the Abyss, Bend Space, Banish, Renounce Religion, Evoke Invisibility


You were on level 6 of the Dungeon.
You worshipped Lugonu.
Lugonu was most pleased with you.
You visited 1 branch of the dungeon, and saw 6 of its levels.
You visited the Abyss 1 time.

You collected 377 gold pieces.

Inventory:

Hand Weapons
 a - a +4 hand axe (weapon)
Missiles
 h - 18 boomerangs (quivered)
 p - 5 javelins
Armour
 c - a +1 ring mail of poison resistance (worn)
 d - a +3 tower shield (worn)
 m - a cursed +0 pair of boots (worn)
 o - a +1 cloak (worn)
 r - a +0 helmet (worn)
Jewellery
 b - the ring "Gielin" (left hand) {+Inv Str+4 SInv}
   (You found it on level 4 of the Dungeon)

   [ring of see invisible]

   It affects your strength (+4).
   It lets you see invisible.
   It lets you turn invisible.
Wands
 l - a wand of paralysis (5)
Scrolls
 k - 3 scrolls of remove curse
 n - 2 scrolls of teleportation
 q - a scroll of identify
Potions
 e - 3 potions of mutation
 g - 4 potions of curing
 i - 3 potions of lignification {unknown}
 j - a potion of stabbing


   Skills:
 + Level 7.1 Fighting
 + Level 2.6 Short Blades
 + Level 2.6 Long Blades
 + Level 5.3 Axes
 + Level 2.6 Maces & Flails
 + Level 2.6 Polearms
 + Level 2.6 Staves
 + Level 2.6 Slings
 + Level 2.6 Bows
 + Level 2.6 Crossbows
 + Level 2.6 Throwing
 + Level 5.3 Armour
 + Level 3.7 Dodging
 + Level 2.6 Stealth
 + Level 2.6 Shields
 + Level 2.6 Unarmed Combat
 + Level 2.6 Spellcasting
 + Level 2.1 Conjurations
 + Level 2.1 Hexes
 + Level 2.1 Summonings
 + Level 2.1 Necromancy
 + Level 2.1 Translocations
 + Level 2.1 Transmutations
 + Level 2.1 Fire Magic
 + Level 2.1 Ice Magic
 + Level 2.1 Air Magic
 + Level 2.1 Earth Magic
 + Level 2.1 Poison Magic
 + Level 5.5 Invocations
 + Level 2.6 Evocations


You had 11 spell levels left.
You didn't know any spells.
Your spell library was empty.

Dungeon Overview and Level Annotations

Branches:
Dungeon (5/15)             Temple (0/1) D:4

Altars:
Fedhas
Qazlal


Innate Abilities, Weirdness & Mutations

Your experience applies equally to all skills.
You have very sharp teeth.
Your uncanny sense of smell can sniff out nearby items.
Your system is resistant to poisons. (rPois)
You are robust. (+10% HP)


Message History

You hit the orc priest. Your bite misses the orc priest.
The orc priest is lightly wounded.
The orc warrior barely misses you.
The orc priest invokes the aid of Beogh against you.
Pain shoots through your body! You block the orc warrior's attack.
You see here a +0 hand axe.
You barely miss the orc priest.
The orc priest is lightly wounded.
You hit the orc warrior. You block the orc priest's attack.
The orc warrior hits you with a +0 glaive!
Unknown command.
You hit the orc priest but do no damage.
You bite the orc priest, but do no damage.
The orc priest is lightly wounded.
You hit the orc warrior but do no damage.
The orc priest hits you with a +0 hand axe.
* * * LOW HITPOINT WARNING * * *
The orc warrior hits you with a +0 glaive!!
You die...

.......# #......+
#......# #......#
#......# #......#
#...o..# . ...
#.o@...# .. ....
###'#####... ....
#...........
...).#...........
.....#...........
.....'...........
#########...........
#..............###'#
#..............#


You could see an orc warrior and an orc priest.

Vanquished Creatures
  Menkaure (D:6)
  A sky beast (D:6)
  A scorpion (D:5)
  An orc priest (D:4)
  3 orc wizards
  Crazy Yiuf (D:2)
  2 bullfrog skeletons (D:4)
  An iguana (D:6)
  2 worker ants
  6 adders
  4 gnolls (D:6)
  An ufetubus (D:6)
  An ooze (D:1)
  3 worms (D:2)
  2 dart slugs
  4 leopard geckos
  5 orcs
  4 giant cockroaches
  12 goblins
  14 hobgoblins
  2 jackals (D:3)
  2 quokkas
  2 ball pythons (D:4)
  11 bats
  6 frilled lizards
  10 kobolds
  7 rats
109 creatures vanquished.

Notes
Turn   | Place    | Note
-------+----------+-------------------------------------------
     0 | Abyss:1  | Gargoyl the Gnoll Abyssal Knight began the quest for the
                  | Orb.
     0 | Abyss:1  | Reached XP level 1. HP: 23/23 MP: 3/3
    56 | Abyss:1  | Gained mutation: You are robust. (+10% HP) [potion of
                  | mutation]
    56 | Abyss:1  | Gained mutation: Your system is resistant to poisons.
                  | (rPois) [potion of mutation]
    84 | Abyss:1  | Noticed a wretched star
    85 | D:1      | Escaped the Abyss
   177 | D:1      | Reached XP level 2. HP: 31/31 MP: 5/5
   186 | D:1      | Reached * piety under Lugonu
   674 | D:1      | Reached XP level 3. HP: 38/38 MP: 6/6
  1087 | D:2      | Reached skill level 1 in Short Blades
  1087 | D:2      | Reached skill level 1 in Long Blades
  1087 | D:2      | Reached skill level 1 in Maces & Flails
  1087 | D:2      | Reached skill level 1 in Polearms
  1087 | D:2      | Reached skill level 1 in Staves
  1087 | D:2      | Reached skill level 1 in Slings
  1087 | D:2      | Reached skill level 1 in Bows
  1087 | D:2      | Reached skill level 1 in Crossbows
  1087 | D:2      | Reached skill level 1 in Throwing
  1087 | D:2      | Reached skill level 1 in Stealth
  1087 | D:2      | Reached skill level 1 in Shields
  1087 | D:2      | Reached skill level 1 in Unarmed Combat
  1087 | D:2      | Reached skill level 1 in Spellcasting
  1087 | D:2      | Reached skill level 1 in Evocations
  1087 | D:2      | Reached XP level 4. HP: 37/45 MP: 7/7
  1183 | D:2      | Found a stormy altar of Qazlal.
  1269 | D:2      | Reached ** piety under Lugonu
  1296 | D:2      | Reached skill level 1 in Conjurations
  1296 | D:2      | Reached skill level 1 in Hexes
  1296 | D:2      | Reached skill level 1 in Summonings
  1296 | D:2      | Reached skill level 1 in Necromancy
  1296 | D:2      | Reached skill level 1 in Translocations
  1296 | D:2      | Reached skill level 1 in Transmutations
  1296 | D:2      | Reached skill level 1 in Fire Magic
  1296 | D:2      | Reached skill level 1 in Ice Magic
  1296 | D:2      | Reached skill level 1 in Air Magic
  1296 | D:2      | Reached skill level 1 in Earth Magic
  1296 | D:2      | Reached skill level 1 in Poison Magic
  1304 | D:2      | Reached XP level 5. HP: 36/51 MP: 8/8
  2087 | D:2      | Found a runed translucent door.
  2088 | D:2      | Noticed Crazy Yiuf
  2414 | D:2      | Killed Crazy Yiuf
  2914 | D:3      | Reached skill level 5 in Invocations
  2931 | D:3      | Reached XP level 6. HP: 58/58 MP: 9/9
  3098 | D:3      | Reached *** piety under Lugonu
  3412 | D:4      | Reached skill level 5 in Axes
  3412 | D:4      | Reached skill level 5 in Armour
  3481 | D:4      | Found a staircase to the Ecumenical Temple.
  3799 | D:4      | Found a blossoming altar of Fedhas.
  3940 | D:4      | Got a fine tin ring
  3941 | D:4      | Identified the ring "Gielin" {+Inv Str+4 SInv} (You found
                  | it on level 4 of the Dungeon)
  3944 | D:5      | Entered Level 5 of the Dungeon
  4211 | D:5      | Reached XP level 7. HP: 63/64 MP: 10/10
  4226 | D:5      | You fall into a shaft and drop 1 floor!
  4238 | D:6      | Reached skill level 7 in Fighting
  4317 | D:6      | Noticed Menkaure
  4334 | D:6      | Killed Menkaure
  4602 | D:6      | Slain by an orc warrior

Illustrated notes

Levels and vault maps discovered:
D:1:      ebering_hopf_link, layout_basic, minmay_3d_cube
D:2:      cheibrodos_greedy_goblins, layout_basic, grunt_qazlal_clouds,
          minmay_octomino_j4, uniq_crazy_yiuf_cottage
D:3:      layout_basic, minmay_box_of_dots
D:4:      layout_rooms, lemuel_coloured_pillars_altar,
          minmay_temple_entry_water_ring, grunt_ministairs_10
D:5:      layout_loops_ring, corexii_checkpoint_b
D:6:      layout_gridville, uniq_prince_ribbit1, uniq_sigmund, uniq_grinder,
          uniq_duvessa, uniq_menkaure

Skill      XL: |  1  2  3  4  5  6  7 |
---------------+----------------------+-----
Short Blades   | 1 2 |  2.6
Long Blades    | 1 2 |  2.6
Maces & Flails | 1 2 |  2.6
Polearms       | 1 2 |  2.6
Staves         | 1 2 |  2.6
Slings         | 1 2 |  2.6
Bows           | 1 2 |  2.6
Crossbows      | 1 2 |  2.6
Throwing       | 1 2 |  2.6
Stealth        | 1 2 |  2.6
Shields        | 1 2 |  2.6
Unarmed Combat | 1 2 |  2.6
Spellcasting   | 1 2 |  2.6
Evocations     | 1 2 |  2.6
Conjurations   | 1 2 |  2.1
Hexes          | 1 2 |  2.1
Summonings     | 1 2 |  2.1
Necromancy     | 1 2 |  2.1
Translocations | 1 2 |  2.1
Transmutations | 1 2 |  2.1
Fire Magic     | 1 2 |  2.1
Ice Magic      | 1 2 |  2.1
Air Magic      | 1 2 |  2.1
Earth Magic    | 1 2 |  2.1
Poison Magic   | 1 2 |  2.1
Dodging        | 3 |  3.7
Invocations    | 5 |  5.5
Axes           | 5 |  5.3
Armour         | 5 |  5.3
Fighting       | 7 |  7.1

Action                   |  1- 3 |  4- 6 |  7- 9 || total
-------------------------+-------+-------+-------++-------
Melee: Hand axe          |    71 |   197 |    43 ||   311
       Bite              |     4 |    18 |     6 ||    28
       Punch             |     1 |       |       ||     1
Invok: Depart the Abyss  |     1 |       |       ||     1
  Use: Potion            |     2 |       |     2 ||     4
       Scroll            |     1 |    16 |       ||    17
 Stab: Sleeping          |       |     5 |       ||     5
Armor: Ring mail         |    37 |    71 |    14 ||   122
Dodge: Dodged            |    53 |    83 |    13 ||   149
Block: Tower shield      |       |    52 |    48 ||   100

Table legend: (Time is in decaauts)
 A = Elapsed time spent in this place.
 B = Non-inter-level travel time spent in this place.
 C = Inter-level travel time spent in this place.
 D = Time resting spent in this place.
 E = Time spent auto-exploring this place.
 F = Levels seen in this place.
 G = Mean time per level.
                   A        B        C        D        E       F      G
               +--------+--------+--------+--------+--------+-----+--------+
         Total |   4634 |   4553 |     81 |    614 |   2934 |   7 |  662.0 |
       Dungeon |   4549 |   4468 |     81 |    614 |   2856 |   6 |  758.2 |
         Abyss |     85 |     85 |      0 |      0 |     78 |   1 |   85.0 |
               +--------+--------+--------+--------+--------+-----+--------+

Top non-repeatable levels by time:
     D:2: 1813 daAuts
     D:1: 815 daAuts
     D:3: 667 daAuts
     D:4: 585 daAuts
     D:6: 383 daAuts
     D:5: 284 daAuts
 Abyss:1: 85 daAuts
